 Dungeon Crawl Stone Soup version 0.25-a0-306-g3faca94807 (webtiles) character file.

Game seed: 9736915671964476395, levelgen mode: classic

683 EnegeticOcto the Chopper (level 7, -4/56 HPs)
             Began as a Human Berserker on Dec 21, 2019.
             Was a Believer of Trog.
             Shot with an arrow by a centaur (9 damage)
             ... on level 5 of the Dungeon.
             The game lasted 00:05:01 (4153 turns).

EnegeticOcto the Chopper (Human Berserker)          Turns: 4153, Time: 00:05:02

Health: -4/56      AC: 10    Str: 20    XL:     7   Next: 93%
Magic:  7/7        EV:  8    Int:  7    God:    Trog [**....]
Gold:   225        SH:  4    Dex: 12    Spells: 6/6 levels left

rFire    . . .     SeeInvis .   a - +0 hand axe
rCold    . . .     Gourm    .   n - +0 buckler
rNeg     . . .     Faith    .   r - +0 chain mail
rPois    .         Spirit   .   (no helmet)
rElec    .         Reflect  .   h - +1 cloak {+Inv}
rCorr    .         Harm     .   (no gloves)
MR       .....                  (no boots)
Stlth    ..........             (no amulet)
HPRegen  0.18/turn              (no ring)
MPRegen  0.10/turn              (no ring)

@: lethally poisoned (-4 -> -5), berserk cooldown, very slightly contaminated,
slowed, invisible, very slow
A: no striking features
a: Berserk, Trog's Hand, Renounce Religion


You were on level 5 of the Dungeon.
You worshipped Trog.
Trog was pleased with you.
You were near starving.

You visited 1 branch of the dungeon, and saw 5 of its levels.

You collected 225 gold pieces.

Inventory:

Hand Weapons
 a - a +0 hand axe (weapon)
 p - a +3 morningstar
Missiles
 l - 2 javelins (quivered)
Armour
 h - a +1 cloak of invisibility (worn)
 n - a +0 buckler (worn)
 r - a +0 chain mail (worn)
Wands
 o - a wand of paralysis (9)
Scrolls
 b - a scroll of enchant armour {unknown}
 i - 2 scrolls of magic mapping {@r5 !r}
 j - 2 scrolls of fear {unknown}
 m - a scroll of remove curse {@r2}
 q - 2 scrolls of fog {unknown}
 s - a scroll of teleportation {unknown}
Potions
 c - a potion of curing {unknown}
 d - 2 potions of haste {@q4 !q}
 f - a potion of resistance
 g - a potion of invisibility
 k - a potion of lignification {unknown}
Comestibles
 e - 5 rations
 t - a chunk of flesh


   Skills:
 + Level 5.2 Fighting
 * Level 7.0 Axes
 - Level 2.0 Armour
 - Level 2.0 Dodging
 + Level 2.1 Shields


You had 6 spell levels left.
You didn't know any spells.
Your spell library was empty.

Dungeon Overview and Level Annotations

Branches:
Dungeon (5/15)
 Temple: D:4-7

Altars:
Dithmenos
Fedhas
Makhleb
Qazlal
Uskayaw
Xom
Yredelemnul

Annotations:
D:3 2 transporters


Message History

You feel the effects of Trog's Hand fading.
You feel sick.
The hound bites you but does no damage. x2
The hound bites you.
You hit the orc wizard but do no damage.
The orc wizard is severely wounded.
You hit the hound.
You feel sick.
The orc wizard hits you but does no damage.
The hound pauses to sniff the ground.
The hound bites you but does no damage.
The orc wizard hits you but does no damage.
The hound bites you but does no damage.
You hit the orc wizard.
The orc wizard is severely wounded.
You hit the hound but do no damage.
You feel sick. The hound barely misses you.
The orc wizard hits you but does no damage.
You block the hound's attack.
You hit the centaur.
The centaur is lightly wounded.
You hit the orc wizard but do no damage.
You closely miss the hound.
You feel sick.
The centaur unwields a +0 shortbow.
The centaur hits you. The hound bites you but does no damage.
The orc wizard closely misses you.
The centaur hits you but does no damage.
The hound barely misses you.
The orc wizard hits you but does no damage.
A worm comes into view.
You hit the centaur.
The centaur is lightly wounded.
You closely miss the hound.
You hit the orc wizard but do no damage.
Your skin stops crawling.
You feel less resistant to hostile enchantments.
The centaur hits you but does no damage.
The hound barely misses you.
An ogre comes into view. It is wielding a +0 giant club.
The centaur hits you!
The orc wizard hits you with a +0 dagger.
The hound bites you but does no damage.
The ogre shouts!
You hit the centaur.
The centaur is moderately wounded.
You hit the orc wizard but do no damage.
You hit the hound but do no damage.
You feel sick. The centaur barely misses you. The hound barely misses you.
The orc wizard mumbles some strange words.
The orc wizard blinks!
You block the centaur's attack. You block the hound's attack.
The orc wizard closely misses you.
You fade into invisibility!
You feel sick.
The centaur hits you but does no damage.
The hound barely misses you. The centaur barely misses you.
The hound bites you but does no damage.
The orc wizard hits you but does no damage.
The centaur barely misses you. The hound bites you but does no damage.
You are very lightly contaminated with residual magic.
You catch the helpless centaur completely off-guard!
You hit the centaur but do no damage.
The centaur is moderately wounded.
You hit the orc wizard but do no damage.
You hit the hound.
The centaur hits you but does no damage.
The hound bites you but does no damage.
The orc wizard hits you but does no damage.
The centaur barely misses you. The hound bites you but does no damage.
The orc wizard hits you but does no damage.
You hit the centaur but do no damage.
The centaur is moderately wounded.
You hit the orc wizard but do no damage.
You hit the hound but do no damage.
You feel sick. The centaur barely misses you. The hound bites you.
The centaur barely misses you.
The orc wizard casts a spell.
The orc wizard seems to speed up.
The hound bites you but does no damage.
You hit the centaur but do no damage.
The centaur is moderately wounded.
You hit the hound.
Your chain mail prevents you from hitting the orc wizard.
The centaur hits you but does no damage.
You block the orc wizard's attack. The hound bites you but does no damage.
The centaur hits you but does no damage.
The orc wizard hits you but does no damage.
The hound bites you but does no damage.
You are near starving!
You slash the ogre!
The ogre is moderately wounded.
You strike the helpless centaur from behind!
You hit the centaur. You hit the hound but do no damage.
You hit the orc wizard but do no damage.
You feel sick.
The centaur wields a +0 shortbow.
The centaur shoots an arrow.
The arrow hits you.
* * * LOW HITPOINT WARNING * * *
The hound bites you.
* * * LOW HITPOINT WARNING * * *
The orc wizard hits you but does no damage.
The ogre hits you with a +0 giant club!
* * * LOW HITPOINT WARNING * * *
The hound barely misses you.
The orc wizard hits you but does no damage.
The centaur shoots an arrow.
The arrow hits you!
You die...

.# #
########.####......##
#...................## #
#..................# #.
#...........<......#
..###...<..............#
#..<÷..............(...#
#.............8.8.8....#
..............†O@.(...##.
##...(........)ohc.......
##..........#†w?.[......
########.#.#_).........
#.#.#.!....<..#.
#.#...........#
#.#..........##
#.##.8.8.8.....
...........###.


You could see an ogre, a centaur, a worm, a hound and an orc wizard.

Vanquished Creatures
  Eustachio (D:4)
  A sky beast (D:5)
  2 ogres (D:4)
  A scorpion (D:5)
  2 crimson imps (D:5)
  A bullfrog skeleton (D:5)
  An iguana (D:5)
  2 adders
  3 oozes
  An adder skeleton (D:5)
  3 worms
  2 dart slugs (D:1)
  3 leopard geckos (D:1)
  11 orcs
  7 bats
  A giant cockroach (D:2)
  5 goblins
  A hobgoblin (D:2)
  3 jackals (D:2)
  2 quokkas
  A ball python (D:1)
  4 frilled lizards
  7 kobolds
  5 rats
  A spectral orc (D:4)
71 creatures vanquished.

Notes
Turn   | Place    | Note
-------+----------+-------------------------------------------
     0 | D:1      | EnegeticOcto the Human Berserker began the quest for the
                  | Orb.
     0 | D:1      | Reached XP level 1. HP: 18/18 MP: 1/1
    77 | D:1      | Reached XP level 2. HP: 24/24 MP: 2/2
   193 | D:1      | Reached XP level 3. HP: 29/29 MP: 3/3
  1095 | D:2      | Found a burning altar of Makhleb.
  1111 | D:2      | Reached skill level 4 in Axes
  1236 | D:2      | Reached ** piety under Trog
  1263 | D:2      | Reached XP level 4. HP: 32/35 MP: 4/4
  1573 | D:2      | Found a stormy altar of Qazlal.
  1794 | D:2      | Found a blossoming altar of Fedhas.
  1815 | D:2      | Found a shadowy altar of Dithmenos.
  2415 | D:3      | Found a shimmering altar of Xom.
  2417 | D:3      | Found a transporter.
  2429 | D:3      | Found a transporter.
  3124 | D:4      | Noticed Eustachio
  3135 | D:4      | Killed Eustachio
  3135 | D:4      | Reached skill level 5 in Axes
  3135 | D:4      | Reached XP level 5. HP: 43/43 MP: 5/5
  3135 | D:4      | Reached XP level 6. HP: 49/49 MP: 6/6
  3241 | D:4      | Found a basalt altar of Yredelemnul.
  3441 | D:4      | Noticed an ogre
  3450 | D:4      | Killed an ogre
  3450 | D:4      | Reached skill level 6 in Axes
  3778 | D:4      | Noticed an ogre
  3782 | D:4      | Killed an ogre
  3782 | D:4      | Reached XP level 7. HP: 55/55 MP: 7/7
  4011 | D:5      | Entered Level 5 of the Dungeon
  4012 | D:5      | Found a hide-covered altar of Uskayaw.
  4020 | D:5      | Reached skill level 1 in Shields
  4128 | D:5      | Reached skill level 5 in Fighting
  4135 | D:5      | Reached skill level 7 in Axes
  4153 | D:5      | Shot with an arrow by a centaur

Levels and vault maps discovered:
D:1:      dpeg_arrival_court, layout_basic, serial_forest,
          infiniplex_forest_clump_cross, infiniplex_forest_clump_double,
          infiniplex_forest_lined_2, infiniplex_forest_join,
          infiniplex_forest_clump_small, infiniplex_forest_zigzag_2,
          infiniplex_forest_lined_room_, infiniplex_forest_end_2,
          infiniplex_forest_lined_2, infiniplex_forest_lined_4_way
D:2:      layout_rooms, nicolae_overflow_hidden_temple, grunt_qazlal_sundering,
          lemuel_coloured_pillars_altar, small_statue_intersection,
          wad_woods_river_04, minmay_misc_feat_tiny,
          chequers_serial_rivers_micro_c, bloody_makhleb
D:3:      layout_loops_ring, gammafunk_temple_overflow_arena, first_ration,
          minmay_splitting_lines
D:4:      layout_basic, yredelemnul_forgotten_temple_becter, minmay_misc_feat_x,
          uniq_eustachio
D:5:      layout_rooms, eat_drink_and_be_merry_uskayaw, kennysheep_mini,
          temple_statues

Skill      XL: |  1  2  3  4  5  6  7 |
---------------+----------------------+-----
Axes           | 4 5 6 7 |  7.0
Fighting       | 4 5 |  5.2
Shields        | 2 |  2.1
Armour         | |  2.0
Dodging        | |  2.0

Action                   |  1- 3 |  4- 6 |  7- 9 || total
-------------------------+-------+-------+-------++-------
Melee: Hand axe          |    72 |   151 |    47 ||   270
Invok: Berserk           |     1 |     6 |     1 ||     8
       Trog's Hand       |       |       |     1 ||     1
  Use: Scroll            |       |     4 |     2 ||     6
       Potion            |       |       |     1 ||     1
 Stab: Invisible         |       |       |     2 ||     2
  Eat: Chunk             |     2 |     9 |     2 ||    13
       Ration            |       |     1 |       ||     1
Armor: Animal skin       |    24 |     5 |       ||    29
       Scale mail        |       |    35 |       ||    35
       Chain mail        |       |       |    49 ||    49
Dodge: Dodged            |    48 |    75 |    28 ||   151
Block: Buckler           |       |       |    11 ||    11

Table legend:
 A = Non-vault XP
 B = Vault XP
 C = Vault XP percentage of total XP
 D = Non-vault monster count
 E = Vault monster count
 F = Vault count percentage of total count
                 A         B        C        D         E       F
            +---------+---------+-------+---------+---------+-------
      Total |     794 |     183 |  18.7 |      69 |       2 |   2.8
            +---------+---------+-------+---------+---------+-------
        D:1 |      51 |       0 |   0.0 |      22 |       0 |   0.0
        D:2 |      46 |       0 |   0.0 |      18 |       0 |   0.0
        D:3 |      17 |       0 |   0.0 |       5 |       0 |   0.0
        D:4 |     274 |     183 |  40.0 |      14 |       2 |  12.5
        D:5 |     406 |       0 |   0.0 |      10 |       0 |   0.0
            +---------+---------+-------+---------+---------+-------
